Map: [ESL] Solaris

Players

cyan - Winner!

  • Race: Protoss Protoss
  • League: Grandmaster
  • Spawn Location: 1:00

DRG

  • Race: Zerg Zerg
  • Spawn Location: 7:00

VOD

Have the link to the VOD?

Description

Time

  • Played on: Dec. 6, 2023, 7:02 a.m.
  • Length: 9:31
Show
View Real Time Build Order
Export as new Build Order

cyan Protoss - Winner!

Build Orders: 1 Gate Expand, Oracle Opening 

Get SALT Encoding   

  12  0:00  Probe  
  13  0:14  Pylon  
  13  0:17  Probe (Chrono Boost)  
  14  0:27  Probe (Chrono Boost)  
  15  0:32  Probe (Chrono Boost)  
  16  0:39  Gateway  
  16  0:43  Probe  
  16  0:48  Assimilator  
  17  0:55  Probe  
  18  1:07  Probe  
  19  1:20  Probe  
  20  1:25  Nexus  
  20  1:35  Cybernetics Core  
  20  1:37  Probe  
  21  1:42  Assimilator  
  21  1:49  Probe  
  21  1:52  Pylon  
  22  2:02  Probe (Chrono Boost)  
  22  2:08  Adept (Chrono Boost)  
  23  2:13  Probe (Chrono Boost)  
  26  2:17  Probe (Chrono Boost), Stargate  
  27  2:26  Warp Gate  
  27  2:28  Probe (Chrono Boost)  
  28  2:30  Adept  
  30  2:37  Probe (Chrono Boost)  
  32  2:46  Probe (Chrono Boost)  
  32  2:48  Probe (Chrono Boost)  
  33  2:52  Probe (Chrono Boost)  
  33  2:53  Probe (Chrono Boost)  
  35  3:04  Void Ray (Chrono Boost), Probe  
  40  3:10  Probe  
  40  3:12  Pylon  
  41  3:16  Probe  
  41  3:17  Gateway  
  42  3:22  Probe  
  42  3:24  Adept  
  45  3:28  Probe  
  46  3:34  Probe  
  46  3:36  Twilight Council  
  46  3:40  Probe  
  48  3:42  Gateway  
  48  3:44  Gateway  
  48  3:46  Probe  
  49  3:48  Oracle (Chrono Boost)  
  52  4:00  Probe  
  52  4:01  Pylon  
  51  4:03  Probe  
  51  4:09  Resonating Glaives (Chrono Boost)  
  52  4:15  Nexus  
  52  4:21  Adept x2  
  56  4:25  Pylon  
  56  4:29  Probe  
  56  4:30  Assimilator  
  57  4:33  Probe  
  58  4:43  Adept x2  
  58  4:44  Probe  
  63  4:46  Pylon  
  63  4:53  Nexus, Adept  
  63  4:54  Adept  
  63  4:55  Probe  
  63  4:58  Pylon  
  68  5:10  Probe  
  68  5:20  Adept x4  
  74  5:22  Probe  
  74  5:27  Probe  
  74  5:29  Robotics Facility  
  74  5:31  Forge  
  74  5:34  Probe  
  73  5:41  Adept x2  
  73  5:42  Adept x2  
  81  5:45  Probe  
  81  5:46  Probe  
  83  5:57  Probe  
  83  6:03  Probe  
  85  6:09  Probe  
  86  6:16  Stalker, Blink (Chrono Boost), Probe  
  86  6:17  Stalker, Probe  
  86  6:18  Stalker x2  
  86  6:28  Probe  
  86  6:30  Protoss Ground Weapons Level 1 (Chrono Boost)  
  81  6:37  Pylon, Immortal  
  81  6:42  Stalker x2  
  79  6:48  Assimilator  
  79  6:49  Pylon  
  79  6:54  Gateway  
  79  6:55  Gateway, Probe x3  
  79  6:57  Gateway  
  79  6:59  Gateway  
  82  7:02  Assimilator, Pylon  
  82  7:07  Probe x2  
  84  7:09  Probe  
  84  7:12  Shield Battery  
  84  7:14  Stalker x2  
  84  7:15  Stalker x2  
  93  7:19  Probe x2, Immortal  
  93  7:21  Probe  
  96  7:25  Pylon  
  100  7:31  Probe  
  101  7:43  Stalker x4  
  109  7:52  Warp Prism  
  109  7:55  Nexus  
  109  7:57  Pylon  
  111  7:59  Stalker x2  
  111  8:04  Stalker, Adept  
  119  8:12  Probe x2  
  121  8:16  Zealot x4  
  130  8:20  Probe  
  130  8:24  Probe  
  131  8:29  Stalker x2  
  131  8:32  Observer  
  131  8:45  Zealot x2  
  135  8:53  Stalker x3  
  141  8:59  Pylon x2  
  141  9:00  Pylon  
  141  9:02  Pylon  
  127  9:13  Stalker  
  127  9:14  Stalker x4  
  127  9:15  Probe  
  127  9:17  Probe  
  135  9:18  Stalker x3  
Show
View Real Time Build Order
Export as new Build Order

DRG Zerg 

Build Orders: Hatch First 

Get SALT Encoding   

  12  0:00  Drone  
  13  0:12  Overlord  
  13  0:17  Drone  
  14  0:30  Drone x2  
  14  0:34  Drone  
  17  0:51  Hatchery  
  17  0:54  Drone  
  17  0:57  Drone  
  18  1:06  Drone  
  18  1:08  Extractor  
  18  1:15  Spawning Pool  
  17  1:18  Drone  
  18  1:27  Drone  
  19  1:39  Drone  
  20  1:49  Drone  
  21  1:59  Overlord  
  21  2:02  Queen  
  21  2:04  Drone, Queen  
  26  2:10  Zergling x2  
  26  2:12  Metabolic Boost  
  26  2:14  Zergling x2  
  28  2:21  Drone  
  29  2:24  Zergling x2  
  30  2:32  Drone  
  30  2:37  Drone  
  32  2:40  Queen  
  34  2:48  Hatchery  
  34  2:50  Overlord  
  33  2:52  Drone  
  33  2:58  Drone  
  35  3:01  Overlord  
  34  3:08  Queen  
  34  3:10  Drone  
  37  3:14  Drone x3  
  37  3:19  Queen  
  42  3:22  Drone  
  42  3:23  Drone  
  42  3:24  Drone  
  45  3:27  Drone  
  45  3:30  Drone  
  45  3:32  Drone  
  48  3:35  Drone  
  49  3:42  Overlord  
  49  3:43  Queen  
  51  3:49  Overlord  
  51  3:58  Overlord  
  51  4:00  Zergling x12  
  56  4:04  Evolution Chamber  
  56  4:05  Queen  
  56  4:08  Spore Crawler, Drone  
  57  4:12  Drone  
  57  4:13  Drone  
  57  4:15  Spore Crawler  
  58  4:21  Drone x4  
  58  4:23  Drone  
  63  4:26  Drone  
  63  4:29  Drone x3  
  67  4:33  Zerg Melee Weapons Level 1  
  67  4:35  Overlord  
  67  4:37  Drone  
  68  4:41  Drone  
  68  4:45  Drone x3  
  69  4:53  Drone  
  69  4:56  Extractor  
  69  4:57  Drone x5, Extractor  
  69  4:58  Roach Warren  
  72  5:01  Lair  
  72  5:04  Drone x2  
  72  5:06  Drone x2  
  76  5:10  Zergling x8  
  77  5:19  Drone  
  77  5:20  Drone  
  78  5:23  Drone  
  78  5:25  Spore Crawler  
  78  5:27  Drone x3  
  82  5:31  Overlord  
  82  5:32  Overlord  
  82  5:33  Overlord  
  81  5:35  Overlord  
  81  5:36  Extractor x2  
  81  5:40  Zergling x6  
  81  5:42  Spine Crawler  
  80  5:44  Zergling x2  
  80  5:45  Overlord  
  81  5:52  Roach x3  
  81  5:53  Roach  
  87  6:00  Zergling x6  
  88  6:05  Roach  
  88  6:06  Zergling x2  
  80  6:14  Zergling x6  
  78  6:21  Roach  
  70  6:36  Drone x3  
  72  6:42  Drone  
  72  6:45  Drone  
  74  6:47  Drone x4  
  74  6:49  Drone  
  74  6:51  Drone  
  80  6:54  Spore Crawler  
  80  6:57  Spore Crawler  
  80  6:59  Zerg Melee Weapons Level 2  
  78  7:02  Overlord  
  78  7:06  Drone x2  
  78  7:08  Overlord  
  78  7:10  Drone x3  
  78  7:11  Drone  
  78  7:15  Roach  
  82  7:20  Overlord  
  82  7:21  Drone x2  
  82  7:22  Drone  
  85  7:25  Ravager  
  85  7:27  Drone x2  
  88  7:32  Roach  
  88  7:39  Queen  
  88  7:42  Drone x2  
  90  7:48  Drone x4, Baneling Nest  
  93  7:52  Roach x3  
  93  7:57  Hatchery, Roach x2  
  102  8:00  Overlord x2  
  102  8:04  Roach  
  102  8:05  Roach  
  106  8:09  Roach x2  
  110  8:13  Overlord  
  110  8:19  Roach x3  
  116  8:20  Ravager x6  
  116  8:23  Roach  
  124  8:28  Zergling x2  
  124  8:29  Zergling x6  
  124  8:32  Ravager, Roach  
  131  8:37  Zergling x2  
  122  8:44  Roach x5  
  134  8:48  Roach  
  134  8:53  Roach x4  
  144  8:55  Roach  
  144  8:56  Roach x3  
  144  9:02  Roach  
  144  9:06  Zergling x4  
  136  9:11  Roach  
Tags
 
Add a new tag
Caveats
  • Supply blocks, unpowered buildings, or Contaminate may cause inaccurate times.
  • Supply counts are checked every 10 seconds.